 Dungeon Crawl Stone Soup version 0.30.0-20-g3b4254fcbd (webtiles) character file.

Game seed: 2296669128913366277

369822 javelincjr the Thaumaturge (level 21, -8/144 HPs)
             Began as a Demonspawn Conjurer on May 30, 2023.
             Was the Champion of Sif Muna.
             Mangled by a rockslime (38 damage)
             ... on level 4 of the Pits of Slime on June 2, 2023.
             The game lasted 08:34:10 (45810 turns).

javelincjr the Thaumaturge (Demonspawn Conjurer)   Turns: 45810, Time: 08:34:11

Health: -8/144     AC:  6    Str:  9    XL:     21   Next: 67%
Magic:  0/57       EV: 14    Int: 36    God:    Sif Muna [******]
Gold:   4304       SH:  9    Dex: 15    Spells: 0/48 levels left

rFire   + + .        e - +7 trident of Giwnok {protect, rF+}
rCold   + + .        n - +3 buckler
rNeg    + + .        T - +4 ring mail "Niomuet" {rN+ Int+2 Dex+2 SInv}
rPois   +            b - -2 hat of the Alchemist {rElec rPois rF+ rC+ rN+ Will+ rMut rCorr}
rElec   +            F - +1 cloak "Ruthuzae" {rC+ MP+9 SInv}
rCorr   +            I - +2 pair of gloves
SInv    +            (boots unavailable)
Will    ++...        d - amulet of Vitality {RegenMP++ Regen++}
Stlth   ++++         S - ring of magical power
HPRegen 2.04/turn    l - ring of the Mage {Wiz Archmagi}
MPRegen 1.50/turn

%: clarity, resist mutation, guardian spirit, wizardry (x2), archmagi
@: engulfed (cannot breathe), corroded, hasted, very quick
A: hooves 3, powered by pain 3, magic shield, magic regeneration, magic link,
big brain 3, bedeviling, clarity, frail 1
}: 2/15 runes: barnacled, gossamer
a: Renounce Religion, Channel Magic, Forget Spell, Divine Exegesis


You were on level 4 of the Pits of Slime.
You worshipped Sif Muna.
Sif Muna was exalted by your worship.
You visited 8 branches of the dungeon, and saw 39 of its levels.
You visited the Abyss 2 times.
You also visited: Sewer, Bailey, Gauntlet, Ice Cave and Volcano.

You collected 6945 gold pieces.
You spent 2641 gold pieces at shops.

Inventory:

Hand Weapons
 e - the +7 trident of Giwnok (weapon) {protect, rF+}
   (You bought it in a shop on level 2 of the Orcish Mines)

   rF:        It protects you from fire.
 q - a +2 short sword of distortion
 L - a +2 spectral demon blade
Missiles
 a - 4 throwing nets
Armour
 b - the -2 hat of the Alchemist (worn) {rElec rPois rF+ rC+ rN+ Will+ rMut rCorr}
   (You found it on level 5 of the Lair of Beasts)

   rF:        It protects you from fire.
   rC:        It protects you from cold.
   rElec:     It insulates you from electricity.
   rPois:     It protects you from poison.
   rN:        It protects you from negative energy.
   rCorr:     It protects you from acid and corrosion.
   rMut:      It protects you from mutation.
   Will:      It increases your willpower.
 n - a +3 buckler (worn)
 F - the +1 cloak "Ruthuzae" (worn) {rC+ MP+9 SInv}
   (You found it on level 3 of the Elven Halls)

   rC:        It protects you from cold.
   MP:        It affects your magic capacity (+9).
   SInv:      It lets you see invisible.
 I - a +2 pair of gloves (worn)
 T - the +4 ring mail "Niomuet" (worn) {rN+ Int+2 Dex+2 SInv}
   (You took it off a deep elf high priest on level 3 of the Elven Halls)

   Int:       It affects your intelligence (+2).
   Dex:       It affects your dexterity (+2).
   rN:        It protects you from negative energy.
   SInv:      It lets you see invisible.
Jewellery
 d - the amulet of Vitality (around neck) {RegenMP++ Regen++}
   (You bought it in a shop on level 4 of the Dungeon)

   [amulet of magic regeneration]

   It increases your rate of magic regeneration.
   Regen:     It increases your rate of health regeneration.
 l - the ring of the Mage (right hand) {Wiz Archmagi}
   (You bought it in a shop on level 2 of the Orcish Mines)

   [ring of wizardry]

   It improves your spell success rate.
   Archmagi:  It increases the power of your magical spells.
 x - a ring of positive energy
 C - a ring of wizardry
 H - the ring "Nepupha" {Ice rCorr Dex+2}
   (You took it off a merfolk aquamancer on level 4 of the Shoals)

   [ring of ice]

   It enhances your ice magic.
   Dex:       It affects your dexterity (+2).
   rF:        It makes you vulnerable to fire.
   rC:        It protects you from cold.
   rCorr:     It protects you from acid and corrosion.
 K - a ring of flight
 R - a ring of fire
 S - a ring of magical power (left hand)
 U - the ring "Nikkas" {rPois rC+ rCorr Str-5 Dex+3}
   (You took it off a deep elf sorcerer on level 3 of the Elven Halls)

   [ring of poison resistance]

   Str:       It affects your strength (-5).
   Dex:       It affects your dexterity (+3).
   rC:        It protects you from cold.
   rPois:     It protects you from poison.
   rCorr:     It protects you from acid and corrosion.
Wands
 D - a wand of flame (37)
 J - a wand of digging (20)
 P - a wand of polymorph (22)
 Q - a wand of charming (9)
 Z - a wand of quicksilver (12)
Scrolls
 i - 5 scrolls of fear
 j - 7 scrolls of magic mapping
 k - 2 scrolls of enchant armour
 p - 11 scrolls of poison
 s - 6 scrolls of enchant weapon
 y - 12 scrolls of teleportation
 z - 5 scrolls of torment
 B - 3 scrolls of immolation
 G - 2 scrolls of summoning
Potions
 c - 5 potions of berserk rage
 f - 3 potions of might
 g - 5 potions of haste
 m - 6 potions of lignification
 o - 7 potions of mutation
 t - 18 potions of curing
 u - 5 potions of heal wounds
 w - 3 potions of resistance
 A - 4 potions of invisibility
 E - 6 potions of cancellation
 N - 7 potions of flight
 O - 6 potions of brilliance
 V - 7 potions of ambrosia
 W - 3 potions of magic
Miscellaneous
 h - a phial of floods (inert)
 v - a phantom mirror (inert)
 X - a box of beasts
 Y - a tin of tremorstones (2/2)


   Skills:
 + Level 12.3 Fighting
 + Level 9.1 Polearms
 + Level 9.3 Armour
 + Level 11.7 Dodging
 - Level 9.5 Stealth
 - Level 6.1 Shields
 * Level 14.2 Spellcasting
 + Level 13.2 Conjurations
 + Level 4.5 Summonings
 + Level 8.8 Translocations
 + Level 9.2 Fire Magic
 + Level 8.9 Ice Magic
 - Level 8.0 Air Magic
 + Level 10.2 Earth Magic
 + Level 12.9 Invocations


You couldn't memorise any spells.
You knew the following spells:

 Your Spells              Type           Power      Damage    Failure   Level
a - Magic Dart            Conj           100%       1d8       0%          1
b - Searing Ray           Conj           100%       2d8       1%          2
c - Iron Shot             Conj/Erth      52%        9d10      1%          6
d - Iskenderun's Mystic   Conj/Tloc      100%       2d19      1%          4
e - Freezing Cloud        Conj/Ice/Air   49%        6-21      1%          5
f - Blink                 Tloc           100%       N/A       1%          2
g - Lee's Rapid Deconstr  Erth           49%        3d23*     1%          5
h - Starburst             Conj/Fire      51%        6d14      2%          6
i - Plasma Beam           Fire/Air       46%        2x1d66    6%          6
j - Summon Lightning Spi  Summ/Air       82%        N/A       1%          4
k - Orb of Destruction    Conj           55%        9d14      5%          7

Your spell library contained the following spells:

 Spells                   Type           Power      Damage    Failure   Level
 Apportation              Tloc           100%       N/A       1%          1
 Beastly Appendage        Tmut           76%        N/A       1%          1
 Foxfire                  Conj/Fire      100%       2x1d9     1%          1
 Freeze                   Ice            100%       1d10      1%          1
 Kiss of Death            Conj/Necr      100%       2d13      1%          1
 Necrotise                Necr           100%       1d9       1%          1
 Sandblast                Erth           100%       2d20      1%          1
 Shock                    Conj/Air       100%       1d9       1%          1
 Cigotuvi's Dreadful Rot  Necr/Pois/Air  100%       N/A       1%          2
 Ensorcelled Hibernation  Hex/Ice        100%       N/A       1%          2
 Lesser Beckoning         Tloc           100%       N/A       1%          2
 Momentum Strike          Conj/Tloc      100%       3d10      1%          2
 Passwall                 Tmut/Erth      63%        N/A       1%          2
 Poisonous Vapours        Pois/Air       100%       N/A       1%          2
 Scorch                   Fire           100%       2d9       1%          2
 Static Discharge         Conj/Air       100%       2-7/arc   1%          2
 Call Canine Familiar     Summ           72%        N/A       1%          3
 Dazzling Flash           Conj/Hex       100%       N/A       1%          3
 Frozen Ramparts          Ice            100%       1d16      1%          3
 Gell's Gravitas          Tloc           94%        N/A       1%          3
 Hailstorm                Conj/Ice       100%       3d20      1%          3
 Ignite Poison            Fire/Tmut/Pois 64%        N/A       1%          3
 Mephitic Cloud           Conj/Pois/Air  86%        N/A       1%          3
 Ozocubu's Armour         Ice            94%        N/A       1%          3
 Portal Projectile        Hex/Tloc       100%       N/A       1%          3
 Stone Arrow              Conj/Erth      100%       3d13      1%          3
 Swiftness                Air            90%        N/A       1%          3
 Teleport Other           Tloc           94%        N/A       1%          3
 Vhi's Electric Charge    Tloc/Air       100%       N/A       1%          3
 Volatile Blastmotes      Fire/Tloc      100%       2d18      1%          3
 Airstrike                Air            45%        2d(7-23)  1%          4
 Animate Armour           Summ/Erth      100%       N/A       1%          4
 Flame Wave               Conj/Fire      100%       2d21      1%          4
 Fulminant Prism          Conj/Hex       52%        3d23      1%          4
 Leda's Liquefaction      Hex/Erth       48%        N/A       1%          4
 Manifold Assault         Tloc           94%        N/A       1%          4
 Petrify                  Tmut/Erth      76%        N/A       1%          4
 Sticky Flame             Conj/Fire      100%       2d11      1%          4
 Summon Ice Beast         Ice/Summ       84%        N/A       1%          4
 Arcjolt                  Conj/Air       50%        1d60      1%          5
 Fireball                 Conj/Fire      51%        3d20      1%          5
 Iskenderun's Battlesphe  Conj           100%       2d15      1%          5
 Wereblood                Tmut           38%        N/A       2%          2
 Ice Form                 Ice/Tmut       72%        N/A       2%          4
 Irradiate                Conj/Tmut      41%        3d25      2%          5
 Summon Forest            Summ/Tloc      42%        N/A       2%          5
 Conjure Ball Lightning   Conj/Air       50%        3x3d17    2%          6
 Confusing Touch          Hex            55%        N/A       4%          3
 Spider Form              Tmut/Pois      38%        N/A       4%          3
 Vampiric Draining        Necr           38%        2d8       4%          3
 Borgnjor's Vile Clutch   Necr/Erth      38%        N/A       4%          5
 Dispersal                Tloc           47%        N/A       5%          6
 Metabolic Englaciation   Hex/Ice        46%        N/A       6%          5
 Silence                  Hex/Air        44%        N/A       7%          5
 Anguish                  Hex/Necr       27%        N/A       13%         4
 Dispel Undead            Necr           38%        3d16      13%         4
 Olgreb's Toxic Radiance  Pois           38%        N/A       13%         4
 Statue Form              Tmut/Erth      50%        N/A       22%         6
 Ozocubu's Refrigeration  Ice            47%        4d17      26%         7
 Spellforged Servitor     Conj/Summ      47%        N/A       26%         7
 Simulacrum               Ice/Necr       36%        N/A       28%         6
 Summon Cactus Giant      Summ           36%        N/A       28%         6
 Agony                    Necr           38%        N/A       32%         5
 Alistair's Intoxication  Tmut/Pois      25%        N/A       32%         5
 Blade Hands              Tmut           19%        N/A       32%         5
 Yara's Violent Unravell  Hex/Tmut       27%        3d12      32%         5
 Malign Gateway           Summ/Tloc      42%        N/A       52%         7
 Lehudib's Crystal Spear  Conj/Erth      52%        10d12     52%         8
 Monstrous Menagerie      Summ           36%        N/A       82%         7
 Summon Hydra             Summ           36%        N/A       82%         7
 Ignition                 Fire           47%        3d13      83%         8
 Eringya's Noxious Bog    Tmut/Pois      19%        N/A       85%         6
 Storm Form               Tmut/Air       34%        N/A       86%         7
 Disjunction              Tloc           47%        N/A       87%         8
 Maxwell's Capacitive Co  Air            45%        ∞         94%         8
 Haunt                    Necr/Summ      29%        N/A       97%         7
 Dragon Form              Tmut           19%        N/A       100%        7
 Infestation              Necr           19%        N/A       100%        8
 Necromutation            Tmut/Necr      19%        N/A       100%        8
 Chain Lightning          Conj/Air       50%        3d67      100%        9
 Fire Storm               Conj/Fire      51%        8d13      100%        9
 Shatter                  Erth           49%        3d38*     100%        9


Dungeon Overview and Level Annotations

Branches:
Dungeon (15/15)            Temple (1/1) D:6            Lair (5/5) D:10
 Shoals (4/4) Lair:3       Spider (4/4) Lair:2        Slime (5/5) Lair:4
    Orc (2/2) D:9             Elf (3/3) Orc:2        Vaults (0/5) D:13
 Depths (0/4) D:15          Sewer (visited)          Bailey (visited)
  IceCv (visited)         Volcano (visited)         Gauntlet (visited)

Altars:
Ashenzari
Cheibriados
Dithmenos
Fedhas
Gozag
Hepliaklqana
Kikubaaqudgha
Makhleb
Nemelex Xobeh
Okawaru
Qazlal
Ru
Sif Muna
Trog
Uskayaw
Vehumet
Wu Jian
Xom
Yredelemnul
Jiyva

Shops:
D:4 =   D:5 (   D:10 (   Orc:2 !=!(   Elf:2 *   Elf:3 ?   Shoals:1 =

Portals:
Hell: Lair:5
Pandemonium: Orc:2

Annotations:
D:6 Grinder
Slime:5 Royal Jelly


Innate Abilities, Weirdness & Mutations

You have hooves in place of feet.
You are powered by pain.
When hurt, damage is shared between your health and your magic reserves.
You regenerate magic rapidly.
When low on magic, you restore magic in place of health.
You have an absolutely massive brain. (Int +6, Wiz)
Your hexes are more powerful.
You possess an exceptional clarity of mind.
You are frail. (-10% HP)


Message History

The slime creature hits you but does no damage.
The very large slime creature is engulfed in freezing vapours.
The slime creature is engulfed in freezing vapours.
Two slime creatures merge to form a large slime creature.
The teleport trap disappears.
The slime creature disappears!
Your lungs strain for air!
You block the quicksilver ooze's attack. x2
The acid blob spits acid at you.
The splash of acid hits you but does no damage.
You resist. The acid corrodes you! The acid blob spits acid at you.
The splash of acid hits you! You resist.
The quicksilver ooze barely misses you.
The quicksilver ooze hits you but does no damage.
Two slime creatures merge to form a large slime creature.
The slime creature completely misses you.
A slime creature comes into view.
The very large slime creature is engulfed in freezing vapours.
A slime creature comes into view.
The acid blob hits you!
You are splashed with acid.
You resist.
The slime creature is engulfed in freezing vapours.
The rockslime hits you.
You stumble backwards!
You cannot cast spells while unable to breathe!
You cannot cast spells while unable to breathe!
You cannot cast spells while unable to breathe!
You feel yourself speed up.
Your lungs strain for air!
The rockslime is no longer waterlogged.
The acid blob spits acid at you. The splash of acid hits you. You resist.
* * * LOW HITPOINT WARNING * * *
The acid corrodes you!
The very large slime creature is engulfed in freezing vapours.
The quicksilver ooze hits you!
* * * LOW HITPOINT WARNING * * *
The quicksilver ooze hits you.
* * * LOW HITPOINT WARNING * * *
You feel your power leaking away. The rockslime hits you!!!
You die...

....#......## #
....#...... #
#.#.........#.
..............
........##... .#
#...........
...##...........
......J@......^.
.....JJJJJ......
.....#J~........
..§§.GJ~>~......
..§.☼..~.~......
..#§§§.......J..
..§§§§§......J..
...§§§..........
#..#...#........


You could see 2 acid blobs, a great orb of eyes, a very large slime creature, 2
large slime creatures, 3 slime creatures, a rockslime and a quicksilver ooze.

Vanquished Creatures
  Nikola (Shoals:1)
  Rupert (Lair:4)
  Jorgrun (D:15)
  Mlioglotl (Spider:1)
  2 deep elf blademasters
  Polyphemus (Shoals:4)
  2 deep elf master archers (Elf:3)
  19 acid blobs
  2 tentacled starspawn
  A kraken (Shoals:2)
  Kirke (Elf:1)
  A storm dragon (Shoals:4)
  9 rockslimes
  Roxanne (Shoals:2)
  The ghost of Kilet the Geomancer, an adept GrEE of Vehumet (D:14)
  Ilsuiw (Shoals:2)
  A fire giant (D:15)
  9 deep elf sorcerers
  2 emperor scorpions (Spider:4)
  16 azure jellies
  Aizul (Shoals:1)
  5 ghost moths (Spider:4)
  6 deep elf elementalists (Elf:3)
  A reaper (IceCv)
  13 quicksilver oozes
  Azrael (D:12)
  5 deep elf demonologists (Elf:3)
  The ghost of turdburglar the Slicer, a journeyman HuGl of Uskayaw (Lair:3)
  3 deep elf annihilators (Elf:3)
  A minotaur (Gauntlet)
  A red draconian (Volcano)
  4 spark wasps (Spider:4)
  A blizzard demon (D:14)
  6 deep elf death magi (Elf:3)
  10 merfolk impalers
  6 merfolk javelineers
  Josephine (Lair:3)
  3 entropy weavers
  A fire dragon (D:14)
  7 deep elf high priests (Elf:3)
  2 great orbs of eyes
  5 hydras
  4 radroaches
  A rakshasa (D:14)
  4 catoblepae
  3 ogre magi
  4 merfolk avatars
  3 demonspawn (Orc:2)
  A satyr (Shoals:3)
  4 jorogumos
  29 dancing weapons
  6 merfolk aquamancers
  2 alligator snapping turtles (Shoals:4)
  16 two-headed ogres
  7 centaur warriors
  4 boulder beetles
  16 death yaks
  6 thrashing horrors
  7 orc high priests
  Urug (D:12)
  14 deep elf knights
  Sonja (D:12)
  A sun demon (Orc:2)
  A shadow wraith (Abyss:4)
  2 sixfirhies
  3 skeletal warriors (D:14)
  5 pharaoh ants
  A wretched star (Abyss:4)
  13 sea snakes
  2 skysharks
  A sun moth (Spider:3)
  5 orb spiders
  A wizard (Lair:5)
  10 harpies
  5 deep elf archers
  4 ugly things
  6 orc knights
  3 steelbarb worms
  15 deep elf zephyrmancers
  22 wolf spiders
  7 orc sorcerers
  28 deep elf pyromancers
  A salamander (shapeshifter) (D:14)
  6 manticores
  3 fauns (Shoals:3)
  3 shining eyes
  3 moths of wrath
  A worldbinder (Gauntlet)
  4 large abominations (Abyss:4)
  21 elephants
  5 cyclopes
  Maurice (Orc:1)
  4 black mambas
  A rust devil (Orc:2)
  4 demonic crawlers
  5 torpor snails
  6 merfolk sirens
  2 apocalypse crabs
  An eye of devastation (Slime:4)
  7 water nymphs
  3 smoke demons
  An orange demon (Lair:5)
  2 gargoyles
  3 ice statues
  10 cane toads
  Maggie (D:7)
  12 rime drakes
  An unseen horror (D:12)
  2 efreet
  Psyche (D:12)
  2 freezing wraiths
  18 komodo dragons
  A yaktaur (D:13)
  6 trolls
  A queen bee (shapeshifter) (D:13)
  12 ice devils
  An ancient zyme (Abyss:3)
  A tengu conjurer (D:12)
  2 hellwings (Abyss:3)
  2 meliai (Spider:1)
  A red devil (Lair:5)
  11 wind drakes
  2 polar bears
  23 merfolk
  6 hornets
  9 raiju
  20 tarantellas
  10 blink frogs
  2 tarantellas (shapeshifter)
  A blink frog (shapeshifter) (D:14)
  5 snapping turtles
  7 dream sheep
  32 jumping spiders
  8 air elementals
  Sigmund (D:3)
  53 yaks
  2 vampires
  10 culicivoras
  4 centaur simulacra (D:14)
  A dire elephant simulacrum (IceCv)
  2 shadows (D:11)
  30 water elementals
  3 wraiths (Lair:3)
  75 slime creatures
  A hog (Elf:1)
  3 wyverns
  An unseen horror simulacrum (D:8)
  A ynoxinul (Orc:2)
  3 basilisks
  8 fire elementals
  17 humans
  4 steam dragons
  47 redbacks
  3 neqoxecs
  17 vampire mosquitoes
  Grum (Bailey)
  A chaos spawn (Gauntlet)
  A death yak simulacrum (IceCv)
  A harpy simulacrum (IceCv)
  An acid dragon (shapeshifter) (D:15)
  A warg (Elf:2)
  2 acid dragons
  9 hell hounds
  Duvessa (D:4)
  18 water moccasins
  9 ice beasts (Lair:2)
  31 orc warriors
  3 sky beasts
  12 ogres
  3 boggarts (Gauntlet)
  17 centaurs
  26 wolves
  A phantom (D:5)
  3 kobold brigands
  16 bullfrogs
  8 gnoll sergeants (Bailey)
  5 earth elementals
  2 scorpions
  6 small abominations
  Dowan (D:4)
  2 elephant simulacra (IceCv)
  10 killer bees
  4 electric eels
  4 howler monkeys
  A lava snake (D:14)
  A quasit (Abyss:4)
  4 hounds
  21 orc priests
  13 jellies
  8 starcursed masses
  9 gnoll boudas
  Jessica (D:2)
  A sleepcap (D:5)
  2 iguanas
  19 orc wizards
  4 spriggan simulacra (IceCv)
  2 polar bear simulacra (IceCv)
  3 troll simulacra (IceCv)
  A wolf simulacrum (IceCv)
  2 boggart simulacra (D:14)
  38 gnolls
  10 adders
  A naga simulacrum (IceCv)
  8 white imps
  7 ufetubi
  A worm (D:2)
  2 dart slugs
  64 orcs
  15 ball pythons
  19 endoplasms
  12 giant cockroaches
  9 goblins
  5 hobgoblins
  13 quokkas
  8 bats
  10 frilled lizards
  16 kobolds
  5 rats
  3 tentacles (Shoals:2)
1545 creatures vanquished.

Vanquished Creatures (collateral kills)
  An acid blob (Slime:3)
  2 azure jellies
  2 emperor scorpions (Spider:4)
  An entropy weaver (Spider:4)
  A pharaoh ant (Spider:3)
  A wolf spider (Spider:4)
  A moth of wrath (Spider:4)
  A demonic crawler (Spider:3)
  A meliai (Spider:1)
  A raiju (Abyss:3)
  16 slime creatures
  A culicivora (Spider:1)
  6 jumping spiders
  5 redbacks
  2 jellies (Slime:2)
42 creatures vanquished.

Vanquished Creatures (others)
  Asterion (Spider:1)
  A deep elf knight (Elf:1)
  A demonic crawler (Spider:1)
  A water nymph (Shoals:1)
  A water elemental (Shoals:1)
  A human (Elf:1)
  A small abomination (Abyss:4)
  4 starspawn tentacles (Abyss:3)
  3 tentacles (Shoals:2)
14 creatures vanquished.

Grand Total: 1601 creatures vanquished

Notes
Turn   | Place    | Note
-------+----------+-------------------------------------------
     0 | D:1      | javelincjr the Demonspawn Conjurer began the quest for the
                  | Orb.
     0 | D:1      | Reached XP level 1. HP: 13/13 MP: 3/3
   318 | D:1      | Gained mutation: You have an unusually large brain. (Int
                  | +2) [demonic ancestry]
   318 | D:1      | Reached XP level 2. HP: 19/19 MP: 5/5
  1387 | D:2      | Gained mutation: You have an extremely huge brain. (Int +4)
                  | [demonic ancestry]
  1387 | D:2      | Reached XP level 3. HP: 25/25 MP: 2/6
  1458 | D:1      | Learned a level 2 spell: Searing Ray
  1463 | D:2      | Reached skill level 1 in Fighting
  1943 | D:2      | Gained mutation: You sometimes gain a little power by
                  | taking damage. [demonic ancestry]
  1943 | D:2      | Reached XP level 4. HP: 32/32 MP: 5/7
  2143 | D:2      | Noticed Jessica
  2146 | D:2      | Killed Jessica
  2765 | D:3      | Gained mutation: You regenerate magic rapidly. [demonic
                  | ancestry]
  2765 | D:3      | Reached XP level 5. HP: 30/38 MP: 5/9
  2975 | D:3      | Noticed Sigmund
  2992 | D:3      | Killed Sigmund
  2993 | D:3      | Reached skill level 3 in Spellcasting
  2993 | D:3      | Gained mutation: You have an absolutely massive brain. (Int
                  | +6, Wiz) [demonic ancestry]
  2993 | D:3      | Reached XP level 6. HP: 41/46 MP: 2/10
  3183 | D:3      | Reached skill level 5 in Conjurations
  3338 | D:4      | Noticed Duvessa
  3338 | D:4      | Noticed Dowan
  3724 | D:3      | Learned a level 3 spell: Stone Arrow
  3731 | D:4      | Killed Duvessa
  3732 | D:4      | Gained mutation: When hurt, damage is shared between your
                  | health and your magic reserves. [demonic ancestry]
  3732 | D:4      | Reached XP level 7. HP: 52/52 MP: 8/12
  3733 | D:4      | Killed Dowan
  3918 | D:4      | Found Oshromikk's Jewellery Shoppe.
  4051 | D:5      | Entered Level 5 of the Dungeon
  4127 | D:5      | Found a glowing drain.
  4137 | Sewer    | Entered a sewer
  4652 | Sewer    | Reached skill level 4 in Spellcasting
  4994 | D:5      | Gained mutation: You sometimes gain power by taking damage.
                  | [demonic ancestry]
  4994 | D:5      | Reached XP level 8. HP: 60/60 MP: 10/14
  5216 | D:5      | Found Wivihenn's Weapon Shop.
  5598 | D:6      | Noticed Grinder
  5685 | D:6      | Found a staircase to the Ecumenical Temple.
  5713 | Temple   | Entered the Ecumenical Temple
  5988 | D:6      | Found a stormy altar of Qazlal.
  6083 | D:6      | Reached skill level 5 in Stealth
  6083 | D:6      | Reached skill level 1 in Shields
  6561 | D:7      | Reached skill level 5 in Spellcasting
  6620 | D:7      | Noticed Maggie
  6636 | D:7      | Killed Maggie
  6637 | D:7      | Reached skill level 5 in Dodging
  6637 | D:7      | Reached XP level 9. HP: 26/67 MP: 6/16
  6642 | D:6      | Reached skill level 5 in Fighting
  6865 | D:7      | Learned a level 4 spell: Iskenderun's Mystic Blast
  7632 | D:8      | Reached skill level 1 in Earth Magic
  7745 | D:8      | Found a flagged portal.
  7890 | Bailey   | Entered a bailey
  8163 | Bailey   | Gained mutation: You have large cloven feet. [demonic
                  | ancestry]
  8163 | Bailey   | Reached XP level 10. HP: 47/76 MP: 16/18
  8504 | Bailey   | Reached skill level 6 in Spellcasting
  8504 | Bailey   | Noticed Grum
  8507 | Bailey   | Killed Grum
  9130 | D:9      | Noticed a two-headed ogre
  9144 | D:9      | Killed a two-headed ogre
  9236 | D:9      | Found a staircase to the Orcish Mines.
 10119 | D:10     | Entered Level 10 of the Dungeon
 10192 | D:10     | Found a staircase to the Lair.
 10205 | D:10     | Found Houjo's Antique Weapon Emporium.
 10209 | D:10     | Found a radiant altar of Vehumet.
 10258 | D:10     | Reached XP level 11. HP: 34/83 MP: 7/21
 10390 | D:10     | Found a shimmering blue altar of Sif Muna.
 10396 | D:10     | Became a worshipper of Sif Muna the Loreminder
 10443 | D:10     | Found a burning altar of Makhleb.
 10443 | D:10     | Found a blossoming altar of Fedhas.
 10476 | D:10     | Found an iron altar of Okawaru.
 10477 | D:10     | Found an opulent altar of Gozag.
 10477 | D:10     | Found an ornate altar of the Wu Jian Council.
 10478 | D:10     | Found a shimmering altar of Xom.
 10693 | D:10     | Found a bloodstained altar of Trog.
 11214 | D:10     | Identified a scroll of acquirement
 11214 | D:10     | Acquired 713 gold pieces
 11317 | D:4      | Bought the amulet of Vitality {RegenMP++ Regen++} for 1100
                  | gold pieces
 11317 | D:4      | Found the amulet of Vitality {RegenMP++ Regen++}
 11433 | D:10     | Learned a level 5 spell: Freezing Cloud
 11434 | Lair:1   | Entered Level 1 of the Lair of Beasts
 11459 | Lair:1   | Reached skill level 5 in Shields
 11469 | Lair:1   | Reached * piety under Sif Muna
 11502 | Lair:1   | Reached skill level 7 in Spellcasting
 12384 | Lair:2   | Reached skill level 1 in Invocations
 12455 | Lair:2   | Reached skill level 1 in Polearms
 12455 | Lair:2   | Reached skill level 1 in Armour
 12455 | Lair:2   | Gained mutation: You have hoof-like feet. [demonic
                  | ancestry]
 12455 | Lair:2   | Reached XP level 12. HP: 91/92 MP: 16/23
 12459 | Lair:2   | Acquired 1245 gold pieces
 12461 | Lair:2   | Gained mutation: You expend magic power (3 MP) to
                  | strengthen your wands. [potion of mutation]
 12462 | Lair:2   | Lost mutation: You expend magic power (3 MP) to strengthen
                  | your wands. [potion of mutation]
 12462 | Lair:2   | Gained mutation: You are frail. (-10% HP) [potion of
                  | mutation]
 12462 | Lair:2   | Gained mutation: Your flesh is heat resistant. (rF+)
                  | [potion of mutation]
 12564 | Lair:2   | Reached ** piety under Sif Muna
 12565 | Lair:2   | Reached skill level 5 in Earth Magic
 12573 | Lair:2   | Reached skill level 1 in Fire Magic
 12573 | Lair:2   | Reached skill level 1 in Air Magic
 12760 | Lair:2   | Found a hole to the Spider Nest.
 13111 | Lair:2   | Learned a level 2 spell: Blink
 13119 | Lair:2   | Reached skill level 1 in Translocations
 13210 | Lair:2   | Learned a level 5 spell: Lee's Rapid Deconstruction
 13248 | Lair:2   | Reached skill level 1 in Ice Magic
 13665 | Lair:3   | Reached *** piety under Sif Muna
 13768 | Lair:3   | Noticed a five-headed hydra
 13770 | Lair:3   | Noticed a catoblepas
 13774 | Lair:3   | Found a staircase to the Shoals.
 13884 | Lair:3   | Noticed turdburglar's ghost (journeyman HuGl)
 13893 | Lair:3   | Found a runed translucent gate.
 13893 | Lair:3   | Found a runed translucent gate.
 13894 | Lair:3   | Found a runed translucent gate.
 13960 | Lair:3   | Acquired Joextoh's Folio of Flashy Companions
 14058 | Lair:3   | Noticed Josephine
 14068 | Lair:3   | Killed Josephine
 14069 | Lair:3   | Reached XP level 13. HP: 89/89 MP: 15/24
 14194 | Lair:3   | Reached skill level 8 in Spellcasting
 14529 | Lair:3   | Killed turdburglar's ghost
 14798 | Lair:4   | Found a staircase to the Slime Pits.
 14798 | Lair:4   | You are sucked into a shaft and drop 1 floor!
 14798 | Lair:5   | Entered Level 5 of the Lair of Beasts
 14920 | Lair:4   | Noticed Rupert
 14939 | Lair:4   | Reached **** piety under Sif Muna
 15069 | Lair:4   | Found a viscous altar of Jiyva.
 15161 | Lair:4   | Reached skill level 5 in Invocations
 15218 | Lair:4   | Killed Rupert
 15979 | Lair:5   | Learned a level 6 spell: Starburst
 16151 | Lair:5   | Reached skill level 10 in Conjurations
 16154 | Lair:5   | Reached XP level 14. HP: 45/95 MP: 12/26
 16389 | Lair:5   | Reached ***** piety under Sif Muna
 16645 | Lair:5   | Received a gift from Sif Muna
 16646 | Lair:5   | Got Sif Muna's Secrets of the Shift and Putrescence {god
                  | gift}
 17067 | Abyss:3  | Cast into level 3 of the Abyss (a wizard)
 17080 | Abyss:3  | Found a corrupted altar of Lugonu.
 17092 | Lair:5   | Escaped the Abyss
 17216 | Lair:5   | Found a burning altar of Makhleb.
 17372 | Lair:5   | Found a gateway to Hell.
 17372 | Lair:5   | Found the -2 hat of the Alchemist {rElec rPois rF+ rC+ rN+
                  | Will+ rMut rCorr}
 18013 | Orc:1    | Entered Level 1 of the Orcish Mines
 18013 | Orc:1    | Noticed Maurice
 18016 | Orc:1    | Killed Maurice
 18052 | Orc:1    | Found a dark tunnel.
 18066 | Volcano  | Entered a volcano
 18372 | Orc:2    | Entered Level 2 of the Orcish Mines
 18458 | Orc:1    | Found a frozen archway.
 18467 | IceCv    | Entered an ice cave
 18664 | IceCv    | Reached skill level 5 in Armour
 18684 | IceCv    | Noticed a reaper
 18714 | IceCv    | Killed a reaper
 18714 | IceCv    | Received a gift from Sif Muna
 19473 | Orc:2    | Paralysed by an orc sorcerer for 4 turns
 19495 | Orc:2    | Reached skill level 5 in Polearms
 19495 | Orc:2    | Reached skill level 9 in Spellcasting
 19524 | Orc:2    | Found Oplur's Distillery.
 19526 | Orc:2    | Found Xostruri's Distillery.
 19609 | Orc:2    | Gained mutation: You have hooves in place of feet. [demonic
                  | ancestry]
 19609 | Orc:2    | Reached XP level 15. HP: 102/102 MP: 23/28
 19992 | Orc:2    | Bought 2 potions of mutation for 176 gold pieces
 19997 | Orc:2    | Lost mutation: You are frail. (-10% HP) [potion of
                  | mutation]
 19997 | Orc:2    | Lost mutation: Your flesh is heat resistant. (rF+) [potion
                  | of mutation]
 19997 | Orc:2    | Gained mutation: You are dopey. (Int -2) [potion of
                  | mutation]
 19997 | Orc:2    | Lost mutation: You are dopey. (Int -2) [potion of mutation]
 19997 | Orc:2    | Gained mutation: You possess an exceptional clarity of
                  | mind. [potion of mutation]
 20069 | Orc:2    | Found a staircase to the Elven Halls.
 20425 | Orc:2    | Received a gift from Sif Muna
 20619 | Orc:2    | Found Luoffogupu's Jewellery Shoppe.
 20619 | Orc:2    | Found Fiun's Antique Weapon Emporium.
 20654 | Orc:2    | Found a one-way gate leading to the halls of Pandemonium.
 20658 | Orc:2    | Bought a fading trident for 238 gold pieces
 20658 | Orc:2    | Identified the +7 trident of Giwnok {protect, rF+} (You
                  | bought it in a shop on level 2 of the Orcish Mines)
 20658 | Orc:2    | Bought a translucent long sword for 238 gold pieces
 20658 | Orc:2    | Identified the +3 long sword "Loyr Xix" {freeze, Will+}
                  | (You bought it in a shop on level 2 of the Orcish Mines)
 20661 | Orc:2    | Bought the ring of the Mage {Wiz Archmagi} for 612 gold
                  | pieces
 20661 | Orc:2    | Found the ring of the Mage {Wiz Archmagi}
 21002 | Shoals:1 | Entered Level 1 of the Shoals
 21047 | Shoals:1 | You fall into a shaft and drop 1 floor!
 21111 | Shoals:2 | Reached skill level 5 in Fire Magic
 21111 | Shoals:2 | Reached skill level 5 in Air Magic
 21448 | Shoals:2 | Reached skill level 5 in Ice Magic
 21507 | Shoals:2 | Noticed a kraken
 21518 | Shoals:2 | Killed a kraken
 21769 | Shoals:2 | Reached skill level 5 in Translocations
 21952 | Shoals:2 | Identified Roxanne's Opusculum on Erosion
 21952 | Shoals:2 | Noticed Roxanne
 21957 | Shoals:2 | Killed Roxanne
 22322 | Shoals:2 | Noticed Ilsuiw
 22338 | Shoals:2 | Killed Ilsuiw
 22600 | Shoals:1 | Reached skill level 10 in Fighting
 22849 | Shoals:1 | Found Baafrieh's Jewellery Boutique.
 22891 | Shoals:1 | Identified the +3 rapier "Saxzumm" {heavy, *Noise Str+3
                  | Int+4 Dex+6}
 22931 | Shoals:1 | Noticed Nikola
 22944 | Shoals:1 | Noticed Aizul
 23009 | Shoals:1 | Killed Aizul
 23175 | Shoals:1 | Killed Nikola
 23469 | Shoals:1 | Reached XP level 16. HP: 112/122 MP: 21/29
 23481 | Shoals:1 | Learned a level 6 spell: Plasma Beam
 24086 | D:11     | Identified the +2 morningstar of Doteonocant {protect,
                  | Str+3}
 24705 | D:11     | Got the Dissertation on the Hiemal Compass
 24939 | D:12     | Noticed Azrael
 24943 | D:12     | Received a gift from Sif Muna
 24972 | D:12     | Killed Azrael
 25016 | D:12     | Got Yry Moja's Treatise on the Geologist and the Fifth
                  | Circle {god gift}
 25679 | D:12     | Noticed Sonja
 25682 | D:12     | Killed Sonja
 25866 | D:12     | Noticed Psyche
 25870 | D:12     | Killed Psyche
 26014 | D:12     | Noticed Urug
 26021 | D:12     | Killed Urug
 26209 | D:13     | Found a gate to the Vaults.
 27669 | D:14     | Found a runed translucent gate.
 27669 | D:14     | Found a runed translucent gate.
 27669 | D:14     | Found a runed translucent gate.
 27914 | D:14     | Received a gift from Sif Muna
 28421 | D:14     | Identified the +9 shortbow of Oplilani {antimagic, rElec
                  | rPois Will+++ Dex-2}
 28496 | D:14     | Reached skill level 10 in Spellcasting
 28748 | D:14     | Noticed Kilet's ghost (adept GrEE)
 29017 | D:14     | Killed Kilet's ghost
 29091 | D:15     | Entered Level 15 of the Dungeon
 29116 | D:15     | Found a staircase to the Depths.
 29189 | D:15     | Noticed Jorgrun
 29348 | D:15     | Found a gate leading to a gauntlet.
 29352 | D:15     | Found a blossoming altar of Fedhas.
 29356 | Gauntlet | Entered a Gauntlet
 29356 | Gauntlet | Found a transporter.
 29371 | Gauntlet | Found a transporter.
 29374 | Gauntlet | Found a transporter.
 29376 | Gauntlet | Found a transporter.
 29383 | Gauntlet | Found a transporter.
 29386 | Gauntlet | Found a transporter.
 29387 | Gauntlet | Found a transporter.
 29396 | Gauntlet | Found a transporter.
 29398 | Gauntlet | Found a transporter.
 29399 | Gauntlet | Found a transporter.
 29411 | Gauntlet | Found a transporter.
 29411 | Gauntlet | Found a transporter.
 29412 | Gauntlet | Found a transporter.
 29420 | Gauntlet | Found a transporter.
 29544 | Gauntlet | Identified the ring of Caher {rF+ SInv}
 29561 | Gauntlet | Received a gift from Sif Muna
 29562 | Gauntlet | Got Sif Muna's Codex of Transposed Nephomancy {god gift}
 29595 | Gauntlet | Identified the +3 cloak of the Apothecary {rCorr}
 29704 | Gauntlet | Identified the +5 ring mail of the Iron City of Dis {rPois
                  | Slay+2}
 29707 | Gauntlet | Reached skill level 10 in Dodging
 29727 | Gauntlet | Found the +9 scales of the Dragon King {rPois rF+ rC+
                  | Will+}
 29732 | Gauntlet | Identified the ring "Akkereas" {Ice Str+3}
 30036 | D:15     | Identified the +0 robe of Rationality {Dex+6}
 30046 | D:15     | Killed Jorgrun
 30047 | D:15     | Gained mutation: When low on magic, you restore magic in
                  | place of health. [demonic ancestry]
 30047 | D:15     | Reached XP level 17. HP: 112/129 MP: 21/31
 30586 | Elf:1    | Entered Level 1 of the Elven Halls
 30675 | Elf:1    | Paralysed by an air elemental for 1 turns
 30971 | Elf:1    | Got Sif Muna's Guide on the Assembled Missiles
 31000 | Elf:1    | Noticed Kirke
 31010 | Elf:1    | Killed Kirke
 31488 | Elf:1    | Paralysed by an air elemental for 1 turns
 32204 | Elf:2    | Found a radiant altar of Vehumet.
 32632 | Elf:2    | Found Jeoh's General Store.
 32670 | Elf:2    | Bought a scroll of enchant armour for 127 gold pieces
 32685 | Elf:2    | Received a gift from Sif Muna
 32686 | Elf:2    | Got Sif Muna's Quarto of Elliptic Beguiling {god gift}
 32693 | Elf:2    | Reached skill level 10 in Invocations
 32925 | Elf:2    | Found a runed translucent gate.
 32926 | Elf:2    | Found a runed translucent gate.
 32926 | Elf:2    | Found a runed translucent gate.
 33041 | Elf:2    | Reached skill level 11 in Spellcasting
 33257 | Elf:2    | Noticed a deep elf blademaster
 33264 | Elf:2    | Killed a deep elf blademaster
 33432 | Elf:3    | Entered Level 3 of the Elven Halls
 33607 | Elf:3    | Found Systrucenusch's Magic Scroll Boutique.
 33616 | Elf:3    | Bought a scroll of blinking for 150 gold pieces
 33729 | Elf:3    | Received a gift from Sif Muna
 33732 | Elf:3    | Got Sif Muna's Volume of Evolution and Formation {god gift}
 33736 | Elf:3    | Reached ****** piety under Sif Muna
 33855 | Elf:3    | Gained mutation: Your hexes are more powerful. [demonic
                  | ancestry]
 33855 | Elf:3    | Reached XP level 18. HP: 138/138 MP: 31/33
 34373 | Abyss:3  | Cast into level 3 of the Abyss (a deep elf sorcerer)
 34430 | Abyss:3  | Noticed a tentacled monstrosity
 34439 | Abyss:3  | Found a blossoming altar of Fedhas.
 34518 | Abyss:3  | Noticed a bone dragon
 34542 | Abyss:3  | Found a blossoming altar of Fedhas.
 34618 | Abyss:3  | Paralysed by accursed screaming for 1 turns
 34752 | Abyss:4  | Noticed a lich
 34882 | Abyss:4  | Paralysed by accursed screaming for 2 turns
 34999 | Elf:3    | Escaped the Abyss
 35001 | Elf:3    | Noticed a Brimstone Fiend
 35051 | Elf:3    | Received a gift from Sif Muna
 35052 | Elf:3    | Got Sif Muna's Anthology of Grim Striking {god gift}
 35201 | Elf:3    | Noticed a Hell Sentinel
 35203 | Elf:3    | HP: 4/138 [Hell Sentinel/damnation[a deep elf demonologist]
                  | (14)]
 35446 | Elf:3    | Identified the ring "Nikkas" {rPois rC+ rCorr Str-5 Dex+3}
 35447 | Elf:3    | Identified the +4 ring mail "Niomuet" {rN+ Int+2 Dex+2
                  | SInv}
 35645 | Elf:3    | Identified the +2 spear "Leifroxo" {flame, rF+}
 35646 | Elf:3    | Identified the +1 cloak "Ruthuzae" {rC+ MP+9 SInv}
 35675 | Elf:3    | Upgraded the game from 0.30.0-19-g36f170ea60 to
                  | 0.30.0-20-g3b4254fcbd
 36247 | Shoals:3 | Reached skill level 12 in Spellcasting
 37319 | Shoals:3 | Learned a level 6 spell: Iron Shot
 37324 | Shoals:3 | Learned a level 4 spell: Summon Lightning Spire
 37326 | Shoals:4 | Entered Level 4 of the Shoals
 37493 | Shoals:4 | Paralysed by an air elemental for 1 turns
 37647 | Shoals:4 | Reached XP level 19. HP: 143/144 MP: 30/35
 37760 | Shoals:4 | Got a barnacled rune of Zot
 37792 | Shoals:4 | Identified the +1 shortbow "Beastbane" {antimagic, rElec
                  | Str+2}
 37995 | Shoals:4 | Found a stormy altar of Qazlal.
 38065 | Shoals:4 | Reached skill level 1 in Summonings
 38131 | Shoals:4 | Paralysed by an air elemental for 1 turns
 38142 | Shoals:4 | Received a gift from Sif Muna
 38143 | Shoals:4 | Got Sif Muna's Compendium of the Plateau and Moulding {god
                  | gift}
 38193 | Shoals:4 | Identified the ring "Nepupha" {Ice rCorr Dex+2}
 38254 | Shoals:4 | Noticed Polyphemus
 38269 | Shoals:4 | Killed Polyphemus
 38562 | Spider:1 | Entered Level 1 of the Spider Nest
 38830 | Spider:1 | Noticed Mlioglotl
 38838 | Spider:1 | Killed Mlioglotl
 40070 | Spider:2 | Noticed Asterion
 40081 | Spider:1 | Killed Asterion
 40158 | Spider:2 | You fall into a shaft and drop 1 floor!
 40609 | Spider:3 | Received a gift from Sif Muna
 41111 | Spider:4 | Entered Level 4 of the Spider Nest
 41486 | Spider:4 | Received a gift from Sif Muna
 41805 | Spider:4 | Paralysed by a hornet for 2 turns
 42129 | Spider:4 | Reached skill level 13 in Spellcasting
 42132 | Spider:4 | Reached XP level 20. HP: 153/153 MP: 17/37
 42366 | Spider:4 | Received a gift from Sif Muna
 42537 | Spider:4 | Got a gossamer rune of Zot
 42544 | Spider:4 | Gained mutation: You are powered by pain. [demonic
                  | ancestry]
 42544 | Spider:4 | Reached XP level 21. HP: 159/159 MP: 38/38
 43273 | Slime:1  | Entered Level 1 of the Pits of Slime
 43627 | Slime:2  | You fall into a shaft and drop 2 floors!
 43653 | Slime:3  | Reached skill level 10 in Earth Magic
 43850 | Slime:2  | Gained mutation: You are frail. (-10% HP) [a shining eye]
 43888 | Slime:2  | Received a gift from Sif Muna
 43889 | Slime:2  | Got Seuxu's Commentary on Lethal Shapes {god gift}
 44236 | Slime:3  | Reached skill level 14 in Spellcasting
 44867 | Slime:5  | Entered Level 5 of the Pits of Slime
 44973 | Slime:5  | Paralysed by a great orb of eyes for 4 turns
 45009 | Slime:5  | Noticed the Royal Jelly
 45154 | Slime:4  | Learned a level 7 spell: Orb of Destruction
 45810 | Slime:4  | Mangled by a rockslime

Illustrated notes

Levels and vault maps discovered:
D:1:      wander_arrival_estate, layout_loops_corners
D:2:      layout_loops_corners, uniq_jessica
D:3:      layout_basic, uniq_sigmund
D:4:      layout_cave_pools, serial_shops, kennysheep_mini_moat, uniq_duvessa
D:5:      layout_loops_ring, serial_shops, shop, gup_sewer_entry_pipe
D:6:      layout_rooms, nicolae_qazlal_general_emergency,
          minmay_temple_entry_waves, uniq_grinder
D:7:      kennysheep_six_static_rooms, layout_basic, uniq_maggie
D:8:      layout_loops_ring, enter_bailey_8, serial_ice, serial_ice_n,
          serial_ice_g, serial_ice_e, serial_ice_c
D:9:      layout_gridville, orc_0_dummy
D:10:     layout_gridville, led_sif_pool, grunt_temple_overflow_open,
          mainiacjoe_overflow_two_lobes, lair_entry_dummy, serial_shops, shop,
          minmay_misc_feat_diagonals
D:11:     layout_loops_corners, uniq_snorg
D:12:     layout_loops_ring, uniq_psyche, uniq_azrael, uniq_urug, uniq_sonja
D:13:     layout_layer_cave, david_vaults_3
D:14:     dragon1_lemuel, layout_loops_ring, gammafunk_ghost_icy,
          nicolae_lava_and_water
D:15:     grunt_enter_depths_giant_problem, layout_grid_maze,
          gauntlet_entry_generic, fedhas_altar_2, kennysheep_pointless_box,
          uniq_jorgrun
Temple:   eino_temple_lava
Lair:1:   layout_cave_pods
Lair:2:   layout_regular_city, spider_nest_entry_a,
          chequers_serial_rivers_large_a, ice2_lemuel, lemuel_fruit_fields
Lair:3:   layout_regular_city, elwin_shoals_entry_rocks, gammafunk_ghost_split,
          grunt_forest_small_clearing_treed, grunt_megastairs_5,
          serial_bayou_shore_b, uniq_josephine
Lair:4:   layout_regular_city, nicolae_slime_entry_field_trip,
          grunt_megastairs_4, uniq_rupert
Lair:5:   evil_forest, layout_regular_city, chequers_serial_rivers_small_a
Shoals:1: layout_shoals, minmay_shop_enchanted_jewellery,
          nicolae_shoals_water_shrine, uniq_nikola, uniq_aizul
Shoals:2: layout_shoals, uniq_ilsuiw, uniq_roxanne
Shoals:3: layout_shoals, nicolae_shoals_shepherds
Shoals:4: shoals_end_hellmonk_storm_palace [storm_palace_center_ruins,
          storm_palace_corner_pillars, storm_palace_corner_narrow,
          storm_palace_corner_altar, storm_palace_corner_altar], uniq_polyphemus
Spider:1: layout_spider_delve, hangedman_spider_tarantella_strand,
          uniq_mlioglotl
Spider:2: layout_spider_delve, uniq_asterion
Spider:3: layout_spider_delve
Spider:4: spider_rune_water, nicolae_spider_world_wide_web
Slime:1:  layout_caves
Slime:2:  layout_caves, nicolae_slime_welcoming_committee
Slime:3:  layout_caves
Slime:4:  layout_caves
Slime:5
Orc:1:    layout_diamond_mine, portal_ice_cave_entry_pillars_1, enter_volcano_1,
          uniq_maurice
Orc:2:    pf_orc_diabolical, layout_caves
Elf:1:    layout_gridlike, minmay_elf_sorcery, lemuel_upstairs_altar,
          roderic_lattice_octagonal_star, uniq_kirke
Elf:2:    nicolae_elf_blades_crystal_corner, layout_geoelf_octagon,
          serial_shops, shop, david_defended_altar_elf
Elf:3:    minmay_elf_hall_spiked, layout_geoelf_octagon, serial_shops,
          shop_scrolls

Skill      XL: |  1  2  3  4  5  6  7  8  9 10 11 12 13 14 15 16 17 18 19 20 21 |
---------------+----------------------------------------------------------------+-----
Stealth        | 2 3 4 5 6 7 8 9 |  9.5
Dodging        | 2 3 4 5 6 7 8 9 10 11 | 11.7
Fighting       | 1 2 3 4 5 6 7 8 9 10 11 12 | 12.3
Spellcasting   | 3 4 5 6 7 8 9 10 11 12 13 14 | 14.2
Conjurations   | 5 6 7 8 9 10 11 12 13 | 13.2
Shields        | 2 3 4 5 6 |  6.1
Earth Magic    | 1 3 4 5 6 7 8 9 10 | 10.2
Invocations    | 1 4 5 7 8 9 10 11 12 | 12.9
Polearms       | 1 2 4 5 6 7 8 9 |  9.1
Armour         | 1 2 4 5 6 7 8 9 |  9.3
Fire Magic     | 2 3 4 5 6 7 8 9 |  9.2
Air Magic      | 2 3 4 5 6 7 8 |  8.0
Translocations | 2 3 4 5 6 7 8 |  8.8
Ice Magic      | 2 3 4 5 6 7 8 |  8.9
Summonings     | 3 4 |  4.5

Action                     |  1- 3 |  4- 6 |  7- 9 | 10-12 | 13-15 | 16-18 | 19-21 || total
---------------------------+-------+-------+-------+-------+-------+-------+-------++-------
  Melee: Unarmed           |     5 |       |       |       |       |       |       ||     5
         Dagger            |     7 |       |       |       |       |       |       ||     7
         Punch             |     1 |       |       |       |       |     2 |       ||     3
         Halberd           |       |    17 |    40 |   188 |   190 |       |       ||   435
         Kick              |       |       |       |    48 |    31 |   120 |    63 ||   262
         Trident           |       |       |       |       |    22 |   279 |   181 ||   482
   Cast: Magic Dart        |    45 |    77 |   174 |   162 |   239 |   285 |   238 ||  1220
         Searing Ray       |     5 |    17 |    32 |    13 |       |     1 |       ||    68
         Stone Arrow       |       |     1 |    72 |    92 |    55 |     7 |       ||   227
         Iskenderun's Myst |       |       |       |    90 |   113 |   212 |   151 ||   566
         Freezing Cloud    |       |       |       |    28 |   217 |   231 |   154 ||   630
         Lee's Rapid Decon |       |       |       |     4 |    37 |    19 |    18 ||    78
         Blink             |       |       |       |       |     2 |     2 |    10 ||    14
         Starburst         |       |       |       |       |    51 |    15 |    11 ||    77
         Plasma Beam       |       |       |       |       |       |   122 |    34 ||   156
         Iron Shot         |       |       |       |       |       |    31 |   182 ||   213
         Summon Lightning  |       |       |       |       |       |     1 |    38 ||    39
         Orb of Destructio |       |       |       |       |       |       |     3 ||     3
 Invoke: Channel Magic     |       |       |       |       |     3 |     1 |       ||     4
         Forget Spell      |       |       |       |       |       |     1 |       ||     1
  Evoke: Wand              |       |       |       |       |     1 |       |       ||     1
         Phial of floods   |       |       |       |       |       |       |     1 ||     1
         Phantom mirror    |       |       |       |       |       |       |     1 ||     1
    Use: Scroll            |       |       |     5 |    20 |     3 |    22 |     7 ||    57
         Potion            |       |       |     1 |     3 |     1 |     5 |     9 ||    19
   Stab: Sleeping          |     1 |       |       |       |     3 |     4 |       ||     8
         Distracted        |       |       |       |       |       |     1 |     2 ||     3
 Armour: Robe              |     2 |     1 |    14 |    41 |    63 |    83 |       ||   204
         Ring mail         |       |       |       |       |       |    28 |   171 ||   199
  Dodge: Dodged            |    12 |    22 |   112 |   358 |   223 |   280 |   226 ||  1233
  Block: Buckler           |       |       |       |       |       |    70 |   157 ||   227
